 Dungeon Crawl Stone Soup version 0.29.1 (webtiles) character file.

Game seed: 740782625749166880

805 Tsarbomb the Covert (level 7, -3/31 HPs)
             Began as a Felid Berserker on Sept 15, 2022.
             Was a Believer of Trog.
             Killed from afar by an orc wizard (10 damage)
             ... with a puff of flame
             ... on level 6 of the Dungeon.
             The game lasted 00:15:58 (7075 turns).

Tsarbomb the Covert (Felid Berserker)               Turns: 7075, Time: 00:15:58

Health: -3/31      AC:  2    Str: 13    XL:     7   Next: 60%
Magic:  8/8        EV: 21    Int:  9    God:    Trog [**....]
Gold:   224        SH:  0    Dex: 17    Spells: 6/6 levels left
                                        Lives:  0   Deaths: 2

rFire   . . .      SeeInvis +     - Unarmed
rCold   . . .      Faith    .   (shield unavailable)
rNeg    . . .      Spirit   .   (body armour unavailable)
rPois   .          Reflect  .   (helmet unavailable)
rElec   .          Harm     .   (cloak unavailable)
rCorr   .          Rampage  .   (gloves unavailable)
Will    +....                   (boots unavailable)
Stlth   +++++.....              (no amulet)
HPRegen 0.10/turn               (no ring)
MPRegen 0.11/turn               (no ring)

@: on berserk cooldown, slowed, slow
A: very small, claws 1, fangs 3, see invisible, speed 1, shaggy fur 2, stealthy
paws, no weapons or thrown items, no armour, multi-lived
a: Renounce Religion, Berserk, Trog's Hand


You were on level 6 of the Dungeon.
You worshipped Trog.
Trog was pleased with you.
You visited 1 branch of the dungeon, and saw 6 of its levels.

You collected 224 gold pieces.

Inventory:

Wands
 j - a wand of quicksilver (17)
 x - a wand of digging (4)
 y - a wand of polymorph (13)
Scrolls
 a - 4 scrolls of blinking
 b - 2 scrolls of noise
 d - a scroll of identify
 e - a scroll of vulnerability {unknown}
 f - a scroll of enchant weapon {unknown}
 m - a scroll of silence {unknown}
 n - a scroll of fear {unknown}
 o - 2 scrolls of amnesia {unknown}
 p - 2 scrolls of teleportation
 q - a scroll of summoning {unknown}
 r - a scroll of enchant armour {unknown}
 u - a scroll of torment {unknown}
Potions
 c - 2 potions of resistance
 g - 2 potions of ambrosia {unknown}
 h - 3 potions of heal wounds {unknown}
 i - 2 potions of attraction {unknown}
 k - a potion of curing {unknown}
 l - 2 potions of mutation {unknown}
 s - a potion of invisibility {unknown}
 t - a potion of berserk rage {unknown}
 v - a potion of lignification {unknown}
 w - a potion of magic {unknown}


   Skills:
 - Level 3.0 Fighting
 * Level 6.5 Dodging
 - Level 10.0 Stealth
 + Level 7.7 Unarmed Combat


You had 6 spell levels left.
You didn't know any spells.
Your spell library was empty.

Dungeon Overview and Level Annotations

Branches:
Dungeon (6/15)             Temple (0/1) D:6

Altars:
Qazlal
The Shining One

Annotations:
D:3 Pargi
D:4 2 transporters, 2 runed translucent doors, Crazy Yiuf; miserystealer's ghost, amateur MfAK


Innate Abilities, Weirdness & Mutations

You have sharp claws.
You have razor-sharp teeth.
You have supernaturally acute eyesight. (SInv)
You cover ground quickly. (Speed+)
You are covered in thick fur. (AC +2)
Your paws help you pounce on unaware monsters.
You are incapable of wielding weapons or throwing items.
You cannot wear armour.
You gain extra lives every three experience levels.


Message History

The orc warrior barely misses you.
You closely miss the orc warrior.
The orc warrior is lightly wounded.
The orc wizard shouts!
You scratch the orc warrior. You bite the orc warrior.
The orc warrior is heavily wounded.
An orc comes into view. It is wielding a +0 short sword.
The orc warrior hits you with a +0 halberd!
* * * LOW HITPOINT WARNING * * *
You are too injured to fight recklessly!
You are too injured to fight recklessly!
You scratch the orc warrior but do no damage.
The orc warrior is heavily wounded.
The orc warrior closely misses you.
You closely miss the orc warrior. Your bite misses the orc warrior.
The orc warrior is heavily wounded.
You scratch the orc warrior.
The orc warrior is heavily wounded.
The orc warrior closely misses you.
You claw the orc warrior!
You kill the orc warrior!
Trog accepts your kill.
The orc wizard hits you with a +0 dagger.
* * * LOW HITPOINT WARNING * * *
Items here: $ ) [ †.
You feel a strong urge to attack something.
You feel your anger nearly subside.
You are no longer berserk.
You are exhausted.
You feel yourself slow down. The orc wizard casts a spell at you.
You resist with almost no effort.
You see here a wand of polymorph (13).
The orc attacks as you move away! The orc misses you.
The orc wizard gestures wildly while chanting.
The orc wizard flickers and vanishes for a moment.
The orc wizard casts a spell at you. You resist with almost no effort.
The orc wizard casts a spell at you. The puff of flame hits you!
You die...

####### #.....#
.....+ #....#
##@...## #......#
#......# #......#
#######o...##
##....##.oo.##
#......o.....#
#............#
#.#.#.#.#.#.#####


You could see 2 orc wizards and 2 orcs.

Vanquished Creatures
  Edmund (D:6)
  A black bear (D:5)
  A sky beast (D:6)
  An orc warrior (D:6)
  2 ogres (D:4)
  A phantom (D:6)
  5 scorpions
  A howler monkey (D:6)
  A crimson imp (D:4)
  A jelly (D:5)
  2 hounds
  2 iguanas (D:5)
  2 orc wizards
  Natasha (thrice) (D:2)
  Robin (D:4)
  4 gnolls (D:3)
  8 adders
  A white imp (D:5)
  4 worms (D:2)
  3 dart slugs
  11 orcs
  7 ball pythons
  4 bats
  10 endoplasms
  6 giant cockroaches
  14 goblins
  8 hobgoblins
  5 kobolds
  6 quokkas
  6 frilled lizards
  2 goblin skeletons (D:4)
  2 goblin zombies (D:4)
  2 hobgoblin zombies (D:4)
  A kobold skeleton (D:4)
  An orc skeleton (D:4)
  2 rats (D:1)
132 creatures vanquished.

Notes
Turn   | Place    | Note
-------+----------+-------------------------------------------
     0 | D:1      | Tsarbomb the Felid Berserker began the quest for the Orb.
     0 | D:1      | Reached XP level 1. HP: 10/10 MP: 2/2
   523 | D:1      | Reached XP level 2. HP: 14/14 MP: 3/3
   525 | D:1      | Found a faded altar of an unknown god.
   600 | D:1      | Reached skill level 1 in Stealth
   918 | D:1      | Reached XP level 3. HP: 17/17 MP: 4/4
  1034 | D:1      | Reached ** piety under Trog
  1394 | D:2      | Reached skill level 2 in Stealth
  1405 | D:2      | Noticed Natasha
  1412 | D:2      | Killed Natasha
  1413 | D:2      | Reached XP level 4. HP: 21/21 MP: 5/5
  1818 | D:2      | Identified the +7 mace of Distant Worlds {distort, Int-3
                  | Dex+3}
  1832 | D:2      | Noticed Natasha
  1845 | D:2      | HP: 1/21 [Natasha/bolt of dispelling energy (17)]
  1846 | D:2      | Slain by Natasha
  1847 | D:2      | Reached XP level 3. HP: -4/17 MP: 4/4
  3174 | D:2      | Killed Natasha
  3175 | D:2      | Reached skill level 5 in Unarmed Combat
  3175 | D:2      | Reached XP level 4. HP: 11/21 MP: 5/5
  3523 | D:2      | Noticed Natasha
  3536 | D:2      | Killed Natasha
  3721 | D:3      | Reached XP level 5. HP: 24/24 MP: 6/6
  3960 | D:3      | Found a stormy altar of Qazlal.
  4021 | D:3      | Noticed Pargi
  4081 | D:4      | Found a transporter.
  4102 | D:4      | Reached skill level 3 in Stealth
  4133 | D:4      | Found a glowing golden altar of the Shining One.
  4309 | D:4      | Found a runed translucent door.
  4311 | D:4      | Noticed miserystealer's ghost (amateur MfAK)
  4322 | D:4      | Noticed Robin
  4355 | D:4      | Killed Robin
  4597 | D:4      | Reached skill level 4 in Stealth
  4605 | D:4      | Gained mutation: You are covered in thick fur. (AC +2)
                  | [Felid growth]
  4605 | D:4      | Reached XP level 6. HP: 17/28 MP: 7/7
  4787 | D:4      | Found a transporter.
  4798 | D:4      | Reached skill level 5 in Stealth
  5094 | D:4      | Reached skill level 6 in Stealth
  5233 | D:4      | Reached skill level 7 in Stealth
  5303 | D:4      | Found a runed translucent door.
  5304 | D:4      | Noticed Crazy Yiuf
  5416 | D:5      | Entered Level 5 of the Dungeon
  5440 | D:5      | Reached XP level 7. HP: 31/31 MP: 8/8
  5472 | D:5      | Reached skill level 8 in Stealth
  5629 | D:5      | Reached skill level 9 in Stealth
  6067 | D:5      | Reached skill level 10 in Stealth
  6113 | D:5      | Reached skill level 5 in Dodging
  6497 | D:6      | Noticed Edmund
  6501 | D:6      | Killed Edmund
  6502 | D:6      | Reached XP level 8. HP: 34/34 MP: 9/9
  6777 | D:6      | Reached *** piety under Trog
  6901 | D:6      | Found a staircase to the Ecumenical Temple.
  6902 | D:6      | Slain by an orc warrior
  6903 | D:6      | Reached XP level 7. HP: -1/31 MP: 8/8
  7075 | D:6      | Killed from afar by an orc wizard

Illustrated notes

Levels and vault maps discovered:
D:1:      minmay_arrival_stair_chambers, layout_loops_ring,
          shapermc_ecumenical_altar_mp_vishouse
D:2:      layout_loops_cross, uniq_natasha
D:3:      layout_basic, general_overflow_altar, grunt_ministairs_3,
          grunt_decor_cap, uniq_pargi
D:4:      gammafunk_cloud_chamber, layout_basic, nicolae_tso_besieged_by_evil,
          hellmonk_ghost_happy_afterlife, uniq_robin, uniq_crazy_yiuf_cottage
D:5:      minmay_evil_eye, layout_rooms, hangedman_abyss_or_decor_stabs,
          dk_noncrumbling_3, chequers_serial_rivers_small_b
D:6:      layout_gridville, minmay_temple_entry_glass, uniq_edmund

Skill      XL: |  1  2  3  4  5  6  7  8 |
---------------+-------------------------+-----
Stealth        | 1 2 4 7 10 | 10.0
Unarmed Combat | 4 5 6 7 |  7.7
Dodging        | 5 6 |  6.5
Fighting       | |  3.0

Action                   |  1- 3 |  4- 6 |  7- 9 || total
-------------------------+-------+-------+-------++-------
Melee: Unarmed           |    83 |   166 |    91 ||   340
       Bite              |     8 |    17 |    17 ||    42
       Punch             |     1 |     6 |     2 ||     9
Invok: Berserk           |     1 |     6 |     4 ||    11
       Trog's Hand       |       |     5 |     1 ||     6
  Use: Scroll            |       |       |     3 ||     3
 Stab: Sleeping          |    11 |     7 |     8 ||    26
       Distracted        |       |       |     1 ||     1
Armor: Skin              |       |     6 |     3 ||     9
Dodge: Dodged            |    49 |   156 |    64 ||   269
